 Dungeon Crawl Stone Soup version 0.23-a0-417-gf02c810 (webtiles) character file.

30719 Stressed the Severer (level 13, -1/101 HPs)
             Began as a Formicid Abyssal Knight on Nov 10, 2018.
             Was the Champion of Lugonu.
             Killed from afar by a deep elf annihilator (48 damage)
             ... with a bolt of lightning
             ... on level 14 of the Dungeon.
             The game lasted 01:12:55 (24715 turns).

Stressed the Severer (Formicid Abyssal Knight)     Turns: 24715, Time: 01:12:56

Health: -1/101     AC: 21    Str: 32    XL:     13   Next: 90%
Magic:  19/19      EV:  9    Int: 15    God:    Lugonu [******]
Gold:   145        SH:  6    Dex: 10    Spells: 12/12 levels left

rFire    + + +     SeeInvis +   a - +3 battleaxe
rCold    . . .     Gourm    .   t - +0 buckler
rNeg     + . .     Faith    .   A - +4 plate armour of Puregyeph {+Fly rPois Str+5 Stlth-}
rPois    +         Spirit   .   (helmet unavailable)
rElec    .         Reflect  +   (no cloak)
rCorr    .         Harm     .   v - +2 pair of gloves
MR       +....                  (no boots)
Stlth    ..........             i - +3 amulet of reflection
HPRegen  0.26/turn              (no ring)
MPRegen  0.16/turn              O - ring "Doixtat" {-Tele rF+++ rN+ Str+6}

@: no status effects
A: permanent stasis, dig shafts and tunnels, four strong arms, antennae 3, slimy
green scales 1, yellow scales 1, blurry vision 1, clever 1, deformed body,
sturdy frame 1
a: Dig, Shaft Self, Depart the Abyss, Bend Space, Banish, Corrupt, Enter the
Abyss, Brand Weapon With Distortion, Renounce Religion, Evoke Flight


You were on level 14 of the Dungeon.
You worshipped Lugonu.
Lugonu was exalted by your worship.
You were hungry.

You visited 1 branch of the dungeon, and saw 14 of its levels.
You visited the Abyss 1 time.
You also visited: Sewer and Bailey.

You collected 1972 gold pieces.
You spent 1827 gold pieces at shops.

Inventory:

Hand Weapons
 a - a +3 battleaxe (weapon)
 h - a +0 short sword of electrocution
 r - a +0 shortbow of velocity
 x - the +1 long sword of Zabajufu {slice, +Fly Str+3}
   (You found it on level 6 of the Dungeon)

   It inflicts extra damage upon your enemies.
   It affects your strength (+3).
   It lets you fly.
 B - a +2 scythe of venom
 N - the +2 great sword of Descent {flame, MR+ Int+2 Stlth+}
   (You found it on level 13 of the Dungeon)

   It has been specially enchanted to burn those struck by it, causing extra
   injury to most foes and up to half again as much damage against particularly
   susceptible opponents.
   Big, fiery blades are also staple armaments of hydra-hunters.
   It affects your intelligence (+2).
   It affects your resistance to hostile enchantments.
   It makes you more stealthy.
 P - the +7 falchion "Siawieti" {slice, Str+4}
   (You found it on level 7 of the Dungeon)

   It inflicts extra damage upon your enemies.
   It affects your strength (+4).
Missiles
 k - 47 tomahawks of returning (quivered)
 s - 292 arrows
Armour
 t - a +0 buckler (worn)
 v - a +2 pair of gloves (worn)
 A - the +4 plate armour of Puregyeph (worn) {+Fly rPois Str+5 Stlth-}
   (You found it on level 12 of the Dungeon)

   It affects your strength (+5).
   It protects you from poison.
   It lets you fly.
   It makes you less stealthy.
 Q - a +3 ring mail of magic resistance
Jewellery
 i - a +3 amulet of reflection (around neck)
 n - an uncursed ring of protection from magic
 D - an uncursed ring of positive energy
 M - an uncursed amulet of the acrobat
 O - the ring "Doixtat" (right hand) {-Tele rF+++ rN+ Str+6}
   (You bought it in a shop on level 14 of the Dungeon)

   [ring of positive energy]

   It affects your strength (+6).
   It renders you almost immune to fire.
   It protects you from negative energy.
   It prevents most forms of teleportation.
Wands
 d - a wand of digging (12)
 f - a wand of enslavement (5)
 l - a wand of iceblast (3)
 m - a wand of paralysis (17)
 S - a wand of scattershot (7)
Scrolls
 g - a scroll of vulnerability
 j - 3 scrolls of remove curse
 p - 2 scrolls of fear
 q - 5 scrolls of magic mapping
 w - a scroll of summoning
 y - a scroll of identify
 C - 7 scrolls of enchant armour
 E - a scroll of holy word
 G - 4 scrolls of fog
 H - 2 scrolls of amnesia
Potions
 e - a potion of lignification
 o - 4 potions of flight
 u - 3 potions of heal wounds
 z - 3 potions of cancellation
 F - 3 potions of magic
 I - a potion of ambrosia
 K - 2 potions of curing
 T - 2 potions of resistance
 U - a potion of might
Miscellaneous
 L - a lamp of fire
Comestibles
 c - 28 rations


   Skills:
 - Level 9.2 Fighting
 - Level 6.2 Short Blades
 * Level 16.2 Axes
 * Level 10.3 Armour
 + Level 1.7 Dodging
 - Level 0.1 Stealth
 + Level 0.2 Shields
 * Level 8.2 Invocations


You had 12 spell levels left.
You didn't know any spells.
Your spell library contained the following spells:

 Spells                   Type           Power        Failure   Level  Hunger
 Sting                    Conj/Pois      #...         88%         1    ##.....
 Lesser Beckoning         Tloc           #.........   99%         3    ####...
 Teleport Other           Tloc           #.......     99%         3    ####...
 Summon Forest            Summ/Tloc      #.........   100%        5    ######.
 Disjunction              Tloc           #.........   100%        8    #######


Dungeon Overview and Level Annotations

Branches:
Dungeon (14/15)            Temple (0/1) D:6            Lair (0/6) D:9
    Orc (0/2) D:12         Vaults (0/5) D:14

Altars:
Fedhas
Zin

Shops:
D:7 *   D:14 =%![

Annotations:
D:5 exclusion: downstairs
D:9 exclusion: 4 doors
D:10 exclusion: 2 oklob plants
D:11 exclusion: 2 downstairs
D:13 exclusion: downstairs


Innate Abilities, Weirdness & Mutations

You cannot be hasted, slowed, berserked, paralysed or teleported.
You can dig through walls and to a lower floor.
Your four strong arms can wield two-handed weapons with a shield.
You have a pair of large antennae on your head. (SInv)
You are partially covered in slimy green scales. (AC +2)
You are partially covered in yellow scales. (AC +2)
Scrolls take you a little longer to read.
Your mind is acute. (Int +2)
Armour fits poorly on your strangely shaped body.
Your movements are slightly less encumbered by armour. (ER -2)


Message History

The deep elf annihilator casts a spell at you.
The poison arrow misses you.
Evoke which item? (* to show all) (? for menu, Esc to quit)
Aiming: Corrosive Bolt
Press: ? - help, Shift-Dir - straight line, f - deep elf annihilator
Aim: a deep elf annihilator, wielding a +0 dagger and wearing a +0 leather The bolt of acid hits the deep elf annihilator.
The deep elf annihilator is splashed with acid.
The acid corrodes the deep elf annihilator!
The deep elf annihilator is lightly wounded.
The now-empty wand crumbles to dust.
Evoke which item? (* to show all) (? for menu, Esc to quit)
Aiming: Scattershot
Press: ? - help, Shift-Dir - straight line, f/p - deep elf annihilator
Aim: a deep elf annihilator, wielding a +0 dagger and wearing a +0 leather The burst of metal fragments hits the deep elf annihilator. x2
The deep elf annihilator is heavily wounded.
The deep elf annihilator gestures at you while chanting.
The bolt of lightning hits you!
You die...

### ### ####.# ##....#
#######################....##
...........(.........#.....##
........##[##)..............##
........##.##@...e.......)...#
.##.....#...#.....##..........
##....#...#....####......∩..
##...#...#...## ##........ {
##..#...#..## ##.......
##.#.e.#.## ##.......
###...### ##........ #....
##.......## { ##(.. {
##...(....#


You could see a deep elf annihilator.

Vanquished Creatures
  Kirke (D:12)
  Gastronok (D:12)
  2 fire dragons (D:14)
  2 hydras (D:9)
  A catoblepas (D:13)
  2 centaur warriors (D:14)
  A two-headed ogre (D:14)
  A death yak (D:9)
  Nergalle (D:12)
  An orc knight (Bailey)
  A necromancer (D:14)
  A deep elf mage (D:12)
  3 ugly things (D:12)
  A salamander (shapeshifter) (D:13)
  A cyclops (D:13)
  A manticore (D:12)
  A gargoyle (D:11)
  A tengu conjurer (D:14)
  2 trolls
  2 hornets
  A meliai (shapeshifter) (D:14)
  5 slime creatures (D:13)
  Grinder (D:3)
  2 dream sheep (D:9)
  3 hippogriffs
  Sigmund (D:4)
  10 yaks
  2 vampires
  2 wraiths
  Eustachio (D:6)
  4 hogs (D:12)
  3 hungry ghosts
  2 wyverns
  A steam dragon (D:12)
  Menkaure (D:6)
  Edmund (D:5)
  2 wargs (D:12)
  A soldier ant (D:12)
  An acid dragon (D:14)
  A water moccasin (D:6)
  11 orc warriors
  4 ice beasts
  5 sky beasts
  An eye of draining (D:11)
  A black bear (D:11)
  2 phantoms
  A black bear (shapeshifter) (D:14)
  3 necrophages
  6 ogres
  9 centaurs
  A crocodile (D:14)
  8 big kobolds
  Blork the orc (D:4)
  A gnoll sergeant (D:6)
  11 bullfrogs
  A wyvern zombie (D:10)
  A water moccasin skeleton (D:10)
  4 scorpions
  8 wights
  A howler monkey (D:4)
  3 crimson imps
  2 centaur zombies
  9 orc priests
  2 gnoll shamans (D:6)
  9 hounds
  4 jellies
  7 orc wizards
  A bullfrog skeleton (D:11)
  4 centaur skeletons
  Natasha (thrice) (D:4)
  3 iguanas
  8 worker ants
  3 hound zombies
  3 hound skeletons
  A worker ant zombie (D:5)
  10 gnolls
  8 river rats
  19 adders
  3 shadow imps
  8 oozes
  2 adder zombies
  An adder skeleton (D:7)
  7 worms
  3 dart slugs
  4 leopard geckos
  34 orcs
  12 ball pythons
  8 bats
  11 giant cockroaches
  18 goblins
  19 hobgoblins
  15 jackals
  3 quokkas
  9 frilled lizards
  A giant cockroach zombie (D:6)
  39 kobolds
  36 rats
  2 plants (D:6)
486 creatures vanquished.

Vanquished Creatures (others)
  A human (D:12)
  An orc wizard (D:8)
  A kobold (D:3)
3 creatures vanquished.

Grand Total: 489 creatures vanquished

Notes
Turn   | Place    | Note
-------+----------+-------------------------------------------
     0 | Abyss:1  | Stressed the Formicid Abyssal Knight began the quest for
                  | the Orb.
     0 | Abyss:1  | Reached XP level 1. HP: 18/18 MP: 2/2
    67 | Abyss:1  | Found a corrupted altar of Lugonu.
   203 | Abyss:1  | Noticed a small abomination
   530 | Abyss:1  | Noticed a chaos spawn
   553 | Abyss:1  | Noticed a spatial vortex
   554 | Abyss:1  | Noticed a spatial vortex
   557 | Abyss:1  | Noticed a lich
   558 | D:1      | Escaped the Abyss
   560 | D:1      | Found a runed door.
   619 | D:1      | Reached XP level 2. HP: 4/24 MP: 3/3
  1012 | D:1      | Reached * piety under Lugonu
  1019 | D:1      | Reached skill level 3 in Axes
  1259 | D:1      | Reached XP level 3. HP: 29/29 MP: 4/4
  2165 | D:2      | Reached skill level 4 in Axes
  2165 | D:2      | Reached XP level 4. HP: 26/35 MP: 5/5
  2374 | D:2      | Reached ** piety under Lugonu
  3360 | D:3      | Reached XP level 5. HP: 13/41 MP: 6/6
  3638 | D:3      | Reached skill level 1 in Short Blades
  3956 | D:3      | Noticed Grinder
  3980 | D:3      | Killed Grinder
  3980 | D:3      | Reached skill level 5 in Axes
  3980 | D:3      | Reached XP level 6. HP: 47/47 MP: 7/7
  4027 | D:3      | Reached *** piety under Lugonu
  4485 | D:1      | Reached XP level 7. HP: 37/52 MP: 8/8
  5043 | D:4      | Noticed Blork the orc
  5072 | D:4      | Killed Blork the orc
  5351 | D:4      | Got a translucent diamond amulet
  5408 | D:4      | Reached skill level 5 in Short Blades
  5611 | D:4      | Reached XP level 8. HP: 53/60 MP: 9/9
  5959 | D:4      | Noticed Natasha
  5966 | D:4      | Killed Natasha
  6315 | D:4      | Noticed Sigmund
  6323 | D:4      | Killed Sigmund
  6406 | D:4      | Noticed Natasha
  6417 | D:4      | Killed Natasha
  6530 | D:4      | Noticed Natasha
  6539 | D:4      | Killed Natasha
  6596 | D:5      | Entered Level 5 of the Dungeon
  6617 | D:5      | Reached skill level 5 in Armour
  6619 | D:5      | Identified the amulet "Erim" {Harm *Corrode *Drain rC+ rN++
                  | Str+3} (You found it on level 4 of the Dungeon)
  6632 | D:5      | Noticed Edmund
  6646 | D:5      | Killed Edmund
  6819 | D:5      | Reached **** piety under Lugonu
  6902 | D:5      | Reached XP level 9. HP: 56/67 MP: 11/11
  6955 | D:5      | Found a glowing drain.
  6999 | Sewer    | Entered a sewer
  7489 | Sewer    | Reached skill level 5 in Fighting
  7731 | Sewer    | Reached ***** piety under Lugonu
  8219 | D:6      | Noticed Menkaure
 10714 | D:6      | Noticed Eustachio
 10727 | D:6      | Killed Eustachio
 10727 | D:6      | Reached XP level 10. HP: 68/77 MP: 13/13
 10763 | D:6      | Got a faintly glowing long sword
 10764 | D:6      | Identified the cursed +1 long sword of Zabajufu {slice,
                  | +Fly Str+3} (You found it on level 6 of the Dungeon)
 10792 | D:6      | Killed Menkaure
 10796 | D:6      | Found a staircase to the Ecumenical Temple.
 11510 | D:7      | Found a flagged portal.
 11525 | D:7      | Got a jewelled falchion
 11526 | D:7      | Identified the +7 falchion "Siawieti" {slice, Str+4} (You
                  | found it on level 7 of the Dungeon)
 11607 | D:7      | Found Ytheckoc's General Store.
 11611 | D:7      | Bought a +3 ring mail of magic resistance for 312 gold
                  | pieces
 11648 | D:7      | Reached skill level 5 in Invocations
 11869 | Bailey   | Entered a bailey
 12017 | Bailey   | Noticed an orc knight
 12252 | Bailey   | Killed an orc knight
 12618 | Bailey   | Gained mutation: You have sharp toenails. [potion of
                  | mutation]
 12618 | Bailey   | Gained mutation: Your mind is acute. (Int +2) [potion of
                  | mutation]
 12618 | Bailey   | Gained mutation: You are partially covered in rugged brown
                  | scales. (AC +1, +3% HP) [potion of mutation]
 12875 | D:7      | Reached skill level 6 in Axes
 13663 | D:8      | Reached skill level 7 in Axes
 13779 | D:8      | Identified Jitios's Guide on Quantum Envenoming
 13941 | D:8      | Found a glowing silver altar of Zin.
 14025 | D:9      | Noticed a five-headed hydra
 14033 | D:9      | Killed a five-headed hydra
 14033 | D:9      | Reached skill level 8 in Axes
 14033 | D:9      | Reached XP level 11. HP: 21/89 MP: 15/15
 14385 | D:9      | Noticed a death yak
 14401 | D:9      | You fall through a shaft for 3 floors!
 14404 | D:12     | Noticed Nergalle
 14410 | D:12     | Killed Nergalle
 14410 | D:12     | Reached skill level 9 in Axes
 14854 | D:12     | Found a staircase to the Orcish Mines.
 14917 | D:12     | Reached skill level 10 in Axes
 15060 | D:12     | Noticed a five-headed hydra
 15811 | D:10     | Entered Level 10 of the Dungeon
 15817 | D:10     | Reached skill level 11 in Axes
 16720 | D:10     | Found a blossoming altar of Fedhas.
 16722 | D:10     | Noticed an oklob plant
 16722 | D:10     | Noticed an oklob plant
 17478 | D:9      | Reached ****** piety under Lugonu
 17485 | D:9      | Reached skill level 12 in Axes
 17485 | D:9      | Reached XP level 12. HP: 20/96 MP: 17/17
 17819 | D:9      | Noticed a three-headed hydra
 17828 | D:9      | Killed a three-headed hydra
 18348 | D:9      | Found a staircase to the Lair.
 18424 | D:9      | Noticed a death yak
 18424 | D:9      | Noticed a death yak
 18477 | D:9      | Killed a death yak
 18480 | D:9      | Reached skill level 13 in Axes
 20109 | D:12     | Noticed Gastronok
 20139 | D:12     | Killed Gastronok
 20459 | D:12     | Noticed Kirke
 20480 | D:12     | Killed Kirke
 20480 | D:12     | Reached skill level 14 in Axes
 20853 | D:12     | Reached skill level 1 in Dodging
 20853 | D:12     | Reached XP level 13. HP: 81/101 MP: 19/19
 21218 | D:12     | Noticed an ice dragon
 21218 | D:12     | a five-headed hydra changed into an ice dragon
 22118 | D:12     | Got a fine plate armour
 22234 | D:12     | Identified the +4 plate armour of Puregyeph {+Fly rPois
                  | Str+5 Stlth-} (You found it on level 12 of the Dungeon)
 22280 | D:13     | Noticed a catoblepas
 22295 | D:13     | Reached skill level 15 in Axes
 22295 | D:13     | Killed a catoblepas
 23193 | D:13     | Got an ivory great sword
 23202 | D:13     | Identified the +2 great sword of Descent {flame, MR+ Int+2
                  | Stlth+} (You found it on level 13 of the Dungeon)
 23814 | D:14     | Found Seygh's Jewellery Boutique.
 23815 | D:14     | Found Yssunean's Food Boutique.
 23817 | D:14     | Bought the ring "Doixtat" {-Tele rF+++ rN+ Str+6} for 1035
                  | gold pieces
 23881 | D:14     | Noticed a fire dragon
 23891 | D:14     | Killed a fire dragon
 23891 | D:14     | Reached skill level 10 in Armour
 24219 | D:14     | Found a gate to the Vaults.
 24277 | D:14     | Found Ysudghyr's Distillery.
 24281 | D:14     | Noticed a centaur warrior
 24291 | D:14     | Killed a centaur warrior
 24291 | D:14     | Reached skill level 16 in Axes
 24480 | D:14     | Bought a potion of mutation for 96 gold pieces
 24480 | D:14     | Bought a potion of mutation for 96 gold pieces
 24480 | D:14     | Bought 2 potions of resistance for 240 gold pieces
 24480 | D:14     | Bought a potion of might for 48 gold pieces
 24480 | D:14     | Lost mutation: You have sharp toenails. [potion of
                  | mutation]
 24480 | D:14     | Lost mutation: Your mind is acute. (Int +2) [potion of
                  | mutation]
 24480 | D:14     | Gained mutation: Your mind is acute. (Int +2) [potion of
                  | mutation]
 24480 | D:14     | Gained mutation: Your body sometimes deteriorates upon
                  | taking damage. [potion of mutation]
 24480 | D:14     | Gained mutation: You are partially covered in slimy green
                  | scales. (AC +2) [potion of mutation]
 24480 | D:14     | Gained mutation: You are partially covered in yellow
                  | scales. (AC +2) [potion of mutation]
 24481 | D:14     | Lost mutation: You are partially covered in rugged brown
                  | scales. (AC +1, +3% HP) [potion of mutation]
 24481 | D:14     | Lost mutation: Your body sometimes deteriorates upon taking
                  | damage. [potion of mutation]
 24481 | D:14     | Gained mutation: Armour fits poorly on your strangely
                  | shaped body. [potion of mutation]
 24481 | D:14     | Gained mutation: Scrolls take you a little longer to read.
                  | [potion of mutation]
 24481 | D:14     | Gained mutation: Your movements are slightly less
                  | encumbered by armour. (ER -2) [potion of mutation]
 24490 | D:14     | Found Lagie's Antique Armour Emporium.
 24678 | D:14     | Noticed a fire dragon
 24693 | D:14     | Noticed a centaur warrior
 24697 | D:14     | Killed a fire dragon
 24698 | D:14     | Noticed a deep elf annihilator
 24711 | D:14     | Killed a centaur warrior
 24715 | D:14     | Killed from afar by a deep elf annihilator

Vault maps used:
D:1:      dpeg_arrival_caged_fury, minmay_misc_feat_alley,
          minmay_split_cup_small
D:2:      minmay_box_of_dots
D:3:      uniq_grinder
D:4:      uniq_blork_the_orc, uniq_sigmund, uniq_natasha
D:5:      first_ration, portal_sewer_entry_c, uniq_edmund
D:6:      kennysheep_housing_project, minmay_temple_entry_large_hall,
          uniq_eustachio, uniq_menkaure
D:7:      enter_bailey_3, serial_shops, shop
D:8:      kennysheep_little_box
D:9:      dpeg_lair_monsters, hangedman_ranch
D:10:     hangedman_tree_tricks, minmay_misc_feat_rows
D:12:     david_orc_1_choice, uniq_kirke, uniq_gastronok, uniq_nergalle
D:14:     minmay_octo_star, david_vaults_4, serial_bayou_ford_a, basic_altar,
          serial_shops, kennysheep_mini, nicolae_shop_crystal, shop,
          nicolae_shop_window_shopping
Sewer:    sewer_minmay_w
Bailey:   bailey_axe_4, bailey

Skill      XL: |  1  2  3  4  5  6  7  8  9 10 11 12 13 |
---------------+----------------------------------------+-----
Axes           | 3 4 5 8 12 14 16 | 16.2
Short Blades   | 2 3 5 6 |  6.2
Armour         | 3 5 9 10 | 10.3
Fighting       | 4 6 8 9 |  9.2
Invocations    | 4 6 7 8 |  8.2
Dodging        | 1 |  1.7
Stealth        | |  0.1
Shields        | |  0.2

Action                   |  1- 3 |  4- 6 |  7- 9 | 10-12 | 13-15 || total
-------------------------+-------+-------+-------+-------+-------++-------
Melee: Hand axe          |   102 |       |       |       |       ||   102
       Short sword       |     4 |   238 |   551 |    13 |       ||   806
       Falchion          |       |       |       |   147 |       ||   147
       Long sword        |       |       |       |    57 |       ||    57
       Kick              |       |       |       |   162 |    58 ||   220
       Battleaxe         |       |       |       |   416 |   201 ||   617
 Fire: Shortbow          |       |       |    19 |       |       ||    19
Throw: Throwing net      |       |       |     1 |     1 |       ||     2
       Tomahawk          |       |       |       |    17 |     4 ||    21
Invok: Depart the Abyss  |     1 |       |       |       |       ||     1
 Abil: Evoke Flight      |       |       |       |     1 |       ||     1
       Shaft Self        |       |       |       |     1 |       ||     1
Evoke: Wand              |       |       |       |    23 |     4 ||    27
  Use: Potion            |       |     2 |     7 |     9 |     4 ||    22
       Scroll            |       |       |    14 |    14 |     4 ||    32
 Stab: Distracted        |       |       |       |     1 |       ||     1
       Petrified         |       |       |       |       |     2 ||     2
  Eat: Chunk             |     3 |     7 |    18 |    25 |     7 ||    60
       Ration            |       |       |     1 |     3 |     2 ||     6
Armor: Leather armour    |    31 |    46 |     3 |       |       ||    80
       Skin              |       |    20 |       |       |       ||    20
       Ring mail         |       |       |   156 |   270 |    20 ||   446
       Scale mail        |       |       |    73 |     8 |       ||    81
       Plate armour      |       |       |       |       |   138 ||   138
Dodge: Dodged            |    65 |   129 |   268 |   307 |    62 ||   831
Block: Other             |     6 |    23 |    58 |    67 |    17 ||   171
       Reflection        |       |     1 |       |    11 |     2 ||    14
       Buckler           |       |       |       |       |     8 ||     8
       Rpst.: Falchion   |       |       |       |    25 |       ||    25
       Long sword        |       |       |       |     4 |       ||     4

Table legend:
 A = Non-vault XP
 B = Vault XP
 C = Vault XP percentage of total XP
 D = Non-vault monster count
 E = Vault monster count
 F = Vault count percentage of total count
                 A         B        C        D         E       F
            +---------+---------+-------+---------+---------+-------
      Total |   25336 |   18549 |  42.3 |     302 |     184 |  37.9
            +---------+---------+-------+---------+---------+-------
        D:1 |      43 |      76 |  63.9 |      26 |      24 |  48.0
        D:2 |      76 |       3 |   3.8 |      26 |       2 |   7.1
        D:3 |      65 |     258 |  79.9 |      26 |       1 |   3.7
        D:4 |     778 |     366 |  32.0 |      23 |       3 |  11.5
        D:5 |     187 |     220 |  54.1 |      11 |       9 |  45.0
        D:6 |     397 |    1404 |  78.0 |       8 |      32 |  80.0
        D:7 |     731 |       7 |   0.9 |      15 |       4 |  21.1
        D:8 |     601 |       0 |   0.0 |      15 |       0 |   0.0
        D:9 |    2647 |    3583 |  57.5 |      34 |      12 |  26.1
       D:10 |    2693 |       0 |   0.0 |      24 |       0 |   0.0
       D:11 |    2706 |       0 |   0.0 |      37 |       0 |   0.0
       D:12 |    4883 |    6762 |  58.1 |      19 |      16 |  45.7
       D:13 |    5463 |       0 |   0.0 |      22 |       0 |   0.0
       D:14 |    4066 |    4244 |  51.1 |      16 |       6 |  27.3
      Sewer |       0 |     357 | 100.0 |       0 |      48 | 100.0
     Bailey |       0 |    1269 | 100.0 |       0 |      27 | 100.0
            +---------+---------+-------+---------+---------+-------
